 Dungeon Crawl Stone Soup version 0.28.0-43-g3370ac3207 (webtiles) character file.

Game seed: 8548498432729595139

93 Jerry the Chucker (level 4, -3/41 HPs)
             Began as a Troll Hunter on Mar 29, 2022.
             Killed by nerve-wracking pain
             ... invoked by an orc priest
              (8 damage)
             ... on level 3 of the Dungeon.
             The game lasted 00:04:36 (1113 turns).

Jerry the Chucker (Troll Hunter)                    Turns: 1113, Time: 00:04:36

Health: -3/41      AC:  4    Str: 20    XL:     4   Next: 37%
Magic:  3/3        EV: 10    Int:  7    God:
Gold:   103        SH:  0    Dex: 12    Spells: 3/3 levels left

rFire   . . .      SeeInvis .   a - +0 whip
rCold   . . .      Faith    .   (no shield)
rNeg    . . .      Spirit   .   b - +0 robe
rPois   .          Reflect  .   (helmet restricted)
rElec   .          Harm     .   (no cloak)
rCorr   .          Rampage  .   (gloves unavailable)
Will    .....                   (boots unavailable)
Stlth   +.........              (no amulet)
HPRegen 0.93/turn               (no ring)
MPRegen 0.08/turn               (no ring)

@: no status effects
A: large, unfitting armour, claws 3, regeneration 1, shaggy fur 1, tough skin 1
a: no special abilities


You were on level 3 of the Dungeon.
You visited 1 branch of the dungeon, and saw 4 of its levels.

You collected 103 gold pieces.

Inventory:

Hand Weapons
 a - a +0 whip (weapon)
Missiles
 c - 5 large rocks (quivered)
 d - 2 throwing nets
 h - 4 atropa-tipped darts
Armour
 b - a +0 robe (worn)
Scrolls
 e - 2 scrolls of identify {unknown}
 g - a scroll of fog {unknown}
Potions
 f - a potion of cancellation {unknown}
 i - a potion of heal wounds {unknown}


   Skills:
 - Level 1.5 Fighting
 * Level 2.1 Maces & Flails
 * Level 4.4 Throwing
 + Level 2.2 Dodging
 - Level 0.3 Stealth


You had 3 spell levels left.
You didn't know any spells.
Your spell library was empty.

Dungeon Overview and Level Annotations

Branches:
Dungeon (4/15)
 Temple: D:4-7

Altars:

Annotations:
D:3 Grinder
D:4 Duvessa


Innate Abilities, Weirdness & Mutations

You are too large for most types of armour.
You have claws for hands.
Your natural rate of healing is unusually fast.
You are covered in fur. (AC +1)
You have tough skin. (AC +1)


Message History

You kill the adder!
The orc priest hits you with a +0 hand axe.
You hit the orc priest.
The orc priest is moderately wounded.
The orc hits you with a +0 short sword.
The orc priest hits you with a +0 hand axe.
You barely miss the orc priest.
The orc priest is moderately wounded.
The orc closely misses you.
The orc priest hits you but does no damage.
You barely miss the orc priest.
The orc priest is moderately wounded.
The orc hits you with a +0 short sword.
The orc priest hits you with a +0 hand axe.
You hit the orc priest but do no damage.
The orc priest is moderately wounded.
The orc hits you with a +0 short sword.
The orc priest hits you with a +0 hand axe.
You hit the orc priest but do no damage.
The orc priest is moderately wounded.
The orc hits you with a +0 short sword. The orc priest closely misses you.
You hit the orc priest but do no damage.
The orc priest is moderately wounded.
The orc hits you with a +0 short sword.
* * * LOW HITPOINT WARNING * * *
The orc priest hits you but does no damage.
The orc closely misses you.
The orc priest casts a cantrip, but nothing happens.
There is a stone staircase leading down here.
The orc hits you with a +0 short sword.
* * * LOW HITPOINT WARNING * * *
There is an open door here.
Found a dented zirconium amulet.
The orc priest invokes the aid of Beogh against you.
Beogh smites you!
* * * LOW HITPOINT WARNING * * *
Grinder comes into view.
The orc priest calls down the wrath of Beogh upon you.
Pain shoots through your body!
You die...

........#.... #.....
............. . #.....
........##... ..##....##
#####...##... .........#
#...##... .........#
#...##... .........#
#...##... .........#
#...##...
.......@.#######.#.##...
.........o.....#.#o##...
............"..#.#o##...
...............#..>##...
.5..........o..###.##...
............o..###'##...
....###.......o.........
.... #########......###
## ..........#


You could see Grinder, an orc priest and 3 orcs.

Vanquished Creatures
  Terence (D:1)
  3 adders
  2 worms (D:2)
  A dart slug (D:1)
  An orc (D:3)
  2 ball pythons
  3 endoplasms (D:1)
  2 giant cockroaches
  4 goblins
  A hobgoblin (D:1)
  4 kobolds
  A quokka (D:1)
  3 bats
  2 frilled lizards
  3 rats (D:1)
33 creatures vanquished.

Notes
Turn   | Place    | Note
-------+----------+-------------------------------------------
     0 | D:1      | Jerry the Troll Hunter began the quest for the Orb.
     0 | D:1      | Reached XP level 1. HP: 19/19 MP: 0/0
   138 | D:1      | Reached XP level 2. HP: 22/27 MP: 1/1
   261 | D:1      | Reached skill level 1 in Maces & Flails
   625 | D:2      | Reached skill level 4 in Throwing
   727 | D:2      | Noticed Terence
   773 | D:1      | Reached XP level 3. HP: 32/33 MP: 2/2
   823 | D:1      | Killed Terence
   893 | D:2      | You fall into a shaft and drop 2 floors!
   905 | D:4      | Reached XP level 4. HP: 37/41 MP: 3/3
   937 | D:4      | Noticed Duvessa
  1112 | D:3      | Noticed Grinder
  1113 | D:3      | Killed from afar by an orc priest

Illustrated notes

Levels and vault maps discovered:
D:1:      lightli_arrival_flooded_house, layout_loops_ring
D:2:      layout_loops_ring, basic_altar, uniq_terence, uniq_sigmund
D:3:      layout_basic, ashenzari_altar_1, mainiacjoe_overflow_cross_hatched,
          uniq_grinder
D:4:      kennysheep_the_goblin_king, layout_basic,
          nicolae_dithmenos_the_darkroom, mainiacjoe_overflow_surrounded_room,
          uniq_robin, uniq_duvessa, uniq_ijyb

Skill      XL: |  1  2  3  4 |
---------------+-------------+-----
Maces & Flails | 1 2 |  2.1
Throwing       | 4 |  4.4
Dodging        | 2 |  2.2
Fighting       | |  1.5
Stealth        | |  0.3

Action                   |  1- 3 |  4- 6 || total
-------------------------+-------+-------++-------
Melee: Whip              |   136 |    45 ||   181
       Unarmed           |     2 |       ||     2
       Punch             |     1 |     1 ||     2
 Stab: Sleeping          |     3 |       ||     3
Armor: Robe              |    43 |    15 ||    58
Dodge: Dodged            |    87 |    36 ||   123
